 Dungeon Crawl Stone Soup version 0.30-a0-1114-gd936c97349 (webtiles) character file.

Game seed: 13619786534213637017

119 jasper the Poker (level 4, -15/34 HPs)
             Began as a Mummy Reaver on Apr 20, 2023.
             Demolished by an ogre
             ... wielding a +0 giant club
              (26 damage)
             ... on level 4 of the Dungeon.
             The game lasted 00:04:06 (2941 turns).

jasper the Poker (Mummy Reaver)                     Turns: 2941, Time: 00:04:07

Health: -15/34     AC:  6    Str: 15    XL:     4   Next: 74%
Magic:  8/8        EV: 10    Int: 14    God:
Gold:   124        SH:  0    Dex: 10    Spells: 7/8 levels left

rFire   x . .      SeeInvis .    i - +0 short sword (elec)
rCold   + . .      Faith    +    (no shield)
rNeg    + + +      Spirit   .    d - +0 ring mail
rPois   ∞          Reflect  .    c - +0 helmet
rElec   .          Rampage  .    (no cloak)
rCorr   .                        (no gloves)
Will    .....                    (no boots) Stlth
                                 (no amulet)
HPRegen 0.25/turn                (no ring)
MPRegen 0.11/turn                (no ring)

@: no status effects
A: cold resistance 1, negative energy resistance 3, torment resistance 2, heat
vulnerability 1, in touch with death 1, no potions, faith
a: no special abilities


You were on level 4 of the Dungeon.
You visited 1 branch of the dungeon, and saw 4 of its levels.

You collected 124 gold pieces.

Inventory:

Hand Weapons
 a - a +0 spear
 g - a +2 heavy sling
 i - a +0 short sword of electrocution (weapon)
Armour
 b - a +0 leather armour
 c - a +0 helmet (worn)
 d - a +0 ring mail (worn)
Wands
 e - a wand of charming (1)
Scrolls
 f - 3 scrolls of teleportation
 h - a scroll of fear
 j - 3 scrolls of vulnerability
 k - 2 scrolls of immolation


   Skills:
 + Level 2.7 Fighting
 * Level 3.9 Polearms
 - Level 0.1 Ranged Weapons
 + Level 1.3 Armour
 - Level 1.5 Dodging
 - Level 2.6 Spellcasting
 - Level 2.4 Conjurations


You had 7 spell levels left.
You knew the following spells:

 Your Spells              Type           Power      Damage    Failure   Level
a - Kiss of Death         Conj/Necr      28%        2d7       26%         1

Your spell library contained the following spells:

 Spells                   Type           Power      Damage    Failure   Level
 Momentum Strike          Conj/Tloc      10%        3d8       36%         2
 Hailstorm                Conj/Ice       5%         3d4       61%         3


Dungeon Overview and Level Annotations

Branches:
Dungeon (4/15)
 Temple: D:4-7

Altars:

Shops:
D:2 :   D:3 (!=


Innate Abilities, Weirdness & Mutations

You are immune to poison.
Your flesh is cold resistant. (rC+)
You are immune to negative energy. (rN+++)
You are immune to unholy pain and torment.
You are vulnerable to heat. (rF-)
You are in touch with the powers of death.
You do not drink.
You have a special connection with the divine. (Faith)


Message History

[Y]es or [N]o only, please.
Really target yourself?
Okay, then.
You see here a +0 club.
Found an inky potion.
Found a stone staircase leading down.
Found a murky clear potion.
Found a sling.
There is a stone staircase leading up here.
Found a leather armour.
The ogre shouts!
You can't go down here!
Fire: g) +2 sling (heavy)
Press: ? - help, Q - select action, (/) - cycle Shift-Dir - straight line, f - ogre
Aim: an ogre, wielding a +0 giant club (72% to hit)
You shoot a sling bullet.
The sling bullet barely misses the ogre.
Fire: g) +2 sling (heavy)
Press: ? - help, Q - select action, (/) - cycle Shift-Dir - straight line, f/p - ogre
Aim: an ogre, wielding a +0 giant club (72% to hit)
You shoot a sling bullet. The sling bullet hits the ogre.
The ogre is lightly wounded.
An adder comes into view.
Fire: g) +2 sling (heavy)
Press: ? - help, Q - select action, (/) - cycle Shift-Dir - straight line, f/p - ogre
Aim: an ogre, wielding a +0 giant club (lightly wounded, 72% to hit)
You shoot a sling bullet.
The sling bullet barely misses the ogre.
The adder hisses angrily.
The ogre hits you with a +0 giant club!!
Ouch! That really hurt!
You take 23 damage, and have 11/34 hp.
MASSIVE DAMAGE!!
You hear the crackle of electricity.
i - a +0 short sword of electrocution (weapon)
A black bear comes into view.
The black bear growls angrily.
You hit the ogre.
The ogre is moderately wounded.
The ogre hits you with a +0 giant club!!
Ouch! That really hurt!
You die...

#. #..# ..#...
###..##.###..#.#h####
...........#!........
######.....#.#.......
#...............
###.#..###S......
#......## .......
######..##O....[.
#.#..@.......
#..#.#.......
#..#.........
##...........
#....###....#
##########.....#
.####
.....#.........#..#
#......)......#
##.....##.......


You could see a black bear, an ogre and an adder.

Vanquished Creatures
  An orc wizard (D:3)
  Robin (D:2)
  3 adders (D:2)
  2 dart slugs (D:3)
  4 orcs (D:3)
  2 bats (D:3)
  3 endoplasms
  10 hobgoblins
  3 quokkas
  A ball python (D:3)
  A frilled lizard (D:3)
  11 goblins
  4 kobolds
46 creatures vanquished.

Notes
Turn   | Place    | Note
-------+----------+-------------------------------------------
     0 | D:1      | jasper the Mummy Reaver began the quest for the Orb.
     0 | D:1      | Reached XP level 1. HP: 16/16 MP: 4/4
   287 | D:1      | You fall into a shaft and drop 1 floor!
   309 | D:2      | Reached skill level 3 in Polearms
   309 | D:2      | Reached XP level 2. HP: 12/22 MP: 2/5
   412 | D:2      | Found a faded altar of an unknown god.
  1392 | D:2      | Found Ruatusm's Book Emporium.
  1405 | D:2      | Gained mutation: You are in touch with the powers of death.
                  | [Mummy growth]
  1405 | D:2      | Reached XP level 3. HP: 25/27 MP: 7/7
  1668 | D:3      | Noticed Robin
  1943 | D:2      | Killed Robin
  2007 | D:3      | Found Lebisu's Jewellery Emporium.
  2067 | D:3      | Reached skill level 1 in Armour
  2067 | D:3      | Reached XP level 4. HP: 34/34 MP: 8/8
  2198 | D:3      | Found Noruecw's Distillery.
  2220 | D:3      | Found Jiuploir's Weapon Boutique.
  2842 | D:4      | Noticed an ogre
  2843 | D:4      | Noticed an ogre
  2940 | D:4      | Noticed a black bear
  2941 | D:4      | Demolished by an ogre

Illustrated notes

Levels and vault maps discovered:
D:1:      minmay_arrival_four_loops, layout_loops_ring, hex_tiny
D:2:      layout_loops_ring, serial_shops, nicolae_shop_tiny_real_fake_doors,
          chequers_ecumenical_altar_island
D:3:      layout_basic, serial_shops, shop, nicolae_shop_rolling_square, shop,
          uniq_robin
D:4:      layout_rooms, mainiacjoe_overflow_alcove_2, kennysheep_little_box,
          serial_shops, shop, hangedman_decor_points,
          hangedman_abyss_or_decor_stagger, uniq_ijyb

Skill      XL: |  1  2  3 |
---------------+----------+-----
Polearms       | 3 |  3.9
Armour         | 1 |  1.3
Fighting       | |  2.7
Ranged Weapons | |  0.1
Dodging        | |  1.5
Spellcasting   | |  2.6
Conjurations   | |  2.4

Action                     |  1- 3 |  4- 6 || total
---------------------------+-------+-------++-------
  Melee: Spear             |    20 |       ||    20
         Short sword       |    56 |     3 ||    59
         Punch             |     1 |       ||     1
   Fire: Sling             |    28 |    49 ||    77
  Throw: Stone             |     8 |       ||     8
   Cast: Kiss of Death     |     1 |       ||     1
    Use: Scroll            |     4 |     2 ||     6
 Armour: Ring mail         |    46 |     5 ||    51
  Dodge: Dodged            |    57 |    15 ||    72

Table legend: (Time is in decaauts)
 A = Elapsed time spent in this place.
 B = Non-inter-level travel time spent in this place.
 C = Inter-level travel time spent in this place.
 D = Time resting spent in this place.
 E = Time spent auto-exploring this place.
 F = Levels seen in this place.
 G = Mean time per level.
                   A        B        C        D        E       F      G
               +--------+--------+--------+--------+--------+-----+--------+
         Total |   3036 |   2849 |    187 |    222 |   2165 |   4 |  759.0 |
       Dungeon |   3036 |   2849 |    187 |    222 |   2165 |   4 |  759.0 |
               +--------+--------+--------+--------+--------+-----+--------+

Top non-repeatable levels by time:
     D:3: 1055 daAuts
     D:2: 1039 daAuts
     D:1: 862 daAuts
     D:4: 78 daAuts
